 Dungeon Crawl Stone Soup version 0.30-a0-55-g90e3122c3a (webtiles) character file.

Game seed: 9193960528225744354

14478 IdlyInterested the Slicer (level 12, -4/89 (92) HPs)
             Began as a Formicid Fighter on Sept 9, 2022.
             Was an Elder of Hepliaklqana.
             Slain by a polar bear (13 damage)
             ... on level 2 of the Lair of Beasts.
             The game lasted 00:32:39 (14049 turns).

IdlyInterested the Slicer (Formicid Fighter)       Turns: 14049, Time: 00:32:39

HP:   -4/89 (92)    AC: 17    Str: 26    XL:     12   Next: 45%
MP:   12/12         EV:  9    Int: 10    God:    Hepliaklqana [****..]
Gold: 817           SH:  9    Dex: 17    Spells: 11/11 levels left

rFire   . . .      SeeInvis +    h - +8 rapier of Wrath {drain, Will+}
rCold   . . .      Faith    .    K - +0 kite shield
rNeg    . . .      Spirit   .    r - +0 plate armour
rPois   .          Reflect  .    (helmet unavailable)
rElec   .          Harm     .    (no cloak)
rCorr   .          Rampage  .    y - +2 pair of gloves
Will    ++...                    e - +2 pair of boots
Stlth   +.........               (no amulet)
HPRegen 0.24/turn                f - +6 ring of strength
MPRegen 0.13/turn                u - +4 ring of evasion

@: lightly drained
A: reduced essence, permanent stasis, dig shafts and tunnels, antennae 3, four
strong arms
a: Dig, Shaft Self, Renounce Religion, Recall Ancestor, Ancestor Identity,
Transference, Idealise


You were on level 2 of the Lair of Beasts.
You worshipped Hepliaklqana.
Hepliaklqana was greatly pleased with you.
You visited 3 branches of the dungeon, and saw 14 of its levels.

You collected 817 gold pieces.

Inventory:

Hand Weapons
 a - a +2 rapier
 h - the +8 rapier of Wrath (weapon) {drain, Will+}
   (You acquired it on level 2 of the Dungeon)

   A truly terrible weapon, it drains the life of any living foe it strikes.
   Will:      It increases your willpower.
Missiles
 g - 5 boomerangs (quivered)
 i - 4 javelins
 m - 5 curare-tipped darts
 x - 18 poisoned darts
 G - 2 boomerangs of dispersal
Armour
 c - a +0 buckler
 e - a +2 pair of boots (worn)
 r - a +0 plate armour (worn)
 w - an orb of guile
 y - a +2 pair of gloves (worn)
 K - a +0 kite shield (worn)
Jewellery
 f - a +6 ring of strength (left hand)
 t - a ring of resist corrosion
 u - a +4 ring of evasion (right hand)
Wands
 b - a wand of digging (7)
 p - a wand of flame (44)
 q - a wand of paralysis (12)
 s - a wand of acid (20)
 v - a wand of roots (18)
 z - a wand of polymorph (9)
Scrolls
 j - a scroll of vulnerability
 D - 2 scrolls of fear
 H - 3 scrolls of fog
 I - 2 scrolls of torment
 J - a scroll of immolation
Potions
 d - 3 potions of might
 k - 5 potions of curing
 l - 5 potions of flight
 n - 2 potions of magic
 o - 3 potions of heal wounds
 A - a potion of ambrosia {unknown}
 B - a potion of mutation {unknown}
 C - 3 potions of cancellation {unknown}
 E - a potion of brilliance {unknown}
 F - a potion of invisibility {unknown}


   Skills:
 * Level 12.5 Fighting
 * Level 13.2 Short Blades
 - Level 3.2 Armour
 + Level 11.9 Stealth
 - Level 4.0 Shields


You had 11 spell levels left.
You didn't know any spells.
Your spell library contained the following spells:

 Spells                   Type           Power      Damage    Failure   Level
 Foxfire                  Conj/Fire      0%         2x1d4     100%        1
 Ensorcelled Hibernation  Hex/Ice        0%         N/A       100%        2
 Poisonous Vapours        Pois/Air       0%         N/A       100%        2
 Searing Ray              Conj           0%         2d4       100%        2
 Conjure Flame            Conj/Fire      0%         6-21      100%        3
 Ignite Poison            Fire/Tmut/Pois 0%         N/A       100%        3
 Inner Flame              Hex/Fire       0%         N/A       100%        3
 Mephitic Cloud           Conj/Pois/Air  0%         N/A       100%        3
 Spider Form              Tmut/Pois      0%         N/A       100%        3
 Anguish                  Hex/Necr       0%         N/A       100%        4
 Corpse Rot               Necr/Pois/Air  0%         N/A       100%        4
 Flame Wave               Conj/Fire      0%         2d4       100%        4
 Sticky Flame             Conj/Fire      0%         2d3       100%        4
 Freezing Cloud           Conj/Ice/Air   0%         6-21      100%        5
 Manifold Assault         Tloc           0%         N/A       100%        5
 Summon Forest            Summ/Tloc      0%         N/A       100%        5
 Summon Mana Viper        Hex/Summ       0%         N/A       100%        5
 Eringya's Noxious Bog    Tmut/Pois      0%         N/A       100%        6
 Starburst                Conj/Fire      0%         6d3       100%        6
 Summon Cactus Giant      Summ           0%         N/A       100%        6
 Storm Form               Tmut/Air       0%         N/A       100%        7
 Summon Hydra             Summ           0%         N/A       100%        7
 Maxwell's Capacitive Co  Air            0%         ∞         100%        8
 Blink                    Tloc           Unusable   N/A       N/A         2

Dungeon Overview and Level Annotations

Branches:
Dungeon (11/15)            Temple (1/1) D:5            Lair (2/5) D:9
    Orc (0/2) D:11
  Swamp: Lair:2-3    Shoals: Lair:2-3     Snake: Lair:2-3    Spider: Lair:2-3

Altars:
Ashenzari
Cheibriados
Dithmenos
Elyvilon
Fedhas
Gozag
Hepliaklqana
Kikubaaqudgha
Makhleb
Nemelex Xobeh
Okawaru
Qazlal
Ru
Sif Muna
Trog
Uskayaw
Vehumet
Wu Jian
Xom
Yredelemnul
Zin
The Shining One


Innate Abilities, Weirdness & Mutations

Your life essence is reduced to manifest your ancestor. (-10% HP)
You cannot be hasted, slowed, berserked, paralysed or teleported.
You can dig through walls and to a lower floor.
You have a pair of large antennae on your head. (SInv)
Your four strong arms can wield two-handed weapons with a shield.


Message History

The blink frog blinks!
The hell rat bites you but does no damage.
The blink frog blinks!
The hell rat bites you!
The hell rat bites you but does no damage.
The polar bear bites you.
The polar bear claws you but does no damage. x2
You turn to flesh and can move again.
The blink frog blinks!
The hell rat bites you but does no damage.
You block the hell rat's attack. The blink frog hits you!
* * * LOW HITPOINT WARNING * * *
The blink frog blinks!
The blink frog barely misses you.
You puncture the hell rat!
The hell rat is heavily wounded.
You block the hell rat's attack. The hell rat completely misses you.
The hell rat bites you but does no damage.
The blink frog hits you.
* * * LOW HITPOINT WARNING * * *
The blink frog blinks!
You feel much better. The hell rat bites you!
You feel drained.
The hell rat bites you but does no damage.
The hell rat bites you!
* * * LOW HITPOINT WARNING * * *
The blink frog hits you but does no damage.
You hit the hell rat.
The hell rat is heavily wounded.
The hell rat bites you but does no damage.
You block the hell rat's attack. The hell rat barely misses you.
You block the blink frog's attack.
You puncture the hell rat!
You kill the hell rat!
The blink frog hits you!
* * * LOW HITPOINT WARNING * * *
The blink frog blinks!
The hell rat barely misses you. The hell rat closely misses you.
The blink frog hits you but does no damage.
The blink frog blinks!
The hell rat barely misses you. The polar bear bites you!
You die...

####...... #.
##......F.##..#
#....#.......P#
#...#P...#...#
##...P....!.[.##
##.............P#
........§....(.P#
......F@rF......#
.......hr.......#
................#
................#
..(.............#
.........F......#
...............P#
...............##
.............##


You could see a polar bear, 4 blink frogs and 2 hell rats.

Vanquished Creatures
  A boulder beetle (Lair:1)
  A tengu warrior (D:8)
  2 cyclopes
  A rime drake (Lair:1)
  5 komodo dragons
  2 trolls
  5 blink frogs (Lair:1)
  Sigmund (D:3)
  3 wyverns
  2 vampires
  13 yaks
  A wraith (D:9)
  2 basilisks
  3 vampire mosquitoes (D:11)
  Menkaure (D:6)
  3 water moccasins
  2 orc warriors
  An ice beast (D:7)
  A black bear (D:4)
  3 wolves (Lair:1)
  4 centaurs
  A phantom (D:5)
  A kobold brigand (D:8)
  Blork the orc (D:6)
  A gnoll sergeant (D:7)
  8 bullfrogs
  2 necrophages
  4 scorpions
  A water moccasin zombie (D:4)
  8 wights
  A water moccasin skeleton (D:4)
  5 killer bees (D:9)
  A centaur zombie (D:4)
  A hexer (Lair:1)
  6 crimson imps
  A bullfrog zombie (D:4)
  2 hounds
  8 orc priests
  5 jellies
  2 iguanas (D:6)
  2 scorpion zombies (D:4)
  Ijyb (D:3)
  8 orc wizards
  A hell rat (Lair:2)
  A howler monkey zombie (D:4)
  4 gnolls (D:7)
  6 adders
  A shadow imp (D:6)
  A white imp (D:6)
  An ufetubus (D:4)
  3 adder zombies (D:4)
  An adder skeleton (D:4)
  4 dart slugs
  25 orcs
  6 ball pythons
  7 endoplasms
  2 giant cockroaches
  7 goblins
  13 hobgoblins
  2 jackals (D:2)
  3 quokkas
  6 bats
  5 frilled lizards
  16 kobolds
  A quokka skeleton (D:4)
  11 rats
254 creatures vanquished.

Vanquished Creatures (collateral kills)
  A wizard (D:10)
  A komodo dragon (Lair:1)
  3 yaks
  A basilisk (Lair:2)
  An orc warrior (D:11)
  A black bear (D:8)
  A kobold brigand (D:8)
  A killer bee (D:9)
  An orc wizard (D:10)
  A white imp (D:7)
  3 orcs
  A kobold (D:8)
16 creatures vanquished.

Vanquished Creatures (others)
  3 hexers
  An ancestor (D:7)
  A fungus (Lair:2)
5 creatures vanquished.

Grand Total: 275 creatures vanquished

Notes
Turn   | Place    | Note
-------+----------+-------------------------------------------
     0 | D:1      | IdlyInterested the Formicid Fighter began the quest for the
                  | Orb.
     0 | D:1      | Reached XP level 1. HP: 18/18 MP: 1/1
   144 | D:1      | Reached XP level 2. HP: 19/24 MP: 2/2
   148 | D:1      | Reached skill level 1 in Stealth
   403 | D:1      | Reached skill level 3 in Short Blades
   403 | D:1      | Reached XP level 3. HP: 21/29 MP: 3/3
   493 | D:1      | You fall into a shaft and drop 1 floor!
   678 | D:2      | Found a faded altar of an unknown god.
  1493 | D:2      | Identified a scroll of acquirement
  1493 | D:2      | Acquired the +8 rapier of Wrath {drain, Will+}
  1531 | D:2      | Reached XP level 4. HP: 25/34 MP: 4/4
  2387 | D:3      | Reached skill level 4 in Short Blades
  2605 | D:3      | Reached XP level 5. HP: 41/41 MP: 5/5
  2644 | D:3      | Noticed Sigmund
  2654 | D:3      | Killed Sigmund
  2655 | D:3      | Reached skill level 5 in Short Blades
  2655 | D:3      | Reached XP level 6. HP: 29/47 MP: 6/6
  2998 | D:3      | Noticed Ijyb
  3000 | D:3      | Killed Ijyb
  3533 | D:4      | Reached XP level 7. HP: 52/52 MP: 7/7
  3671 | D:4      | Reached skill level 6 in Short Blades
  3675 | D:4      | Reached skill level 5 in Stealth
  4051 | D:4      | Identified the +8 trident "Xymat" {protect, Int+5}
  4081 | D:4      | Found a blossoming altar of Fedhas.
  4163 | D:4      | Reached skill level 7 in Short Blades
  4163 | D:4      | Reached XP level 8. HP: 47/58 MP: 8/8
  4548 | D:5      | Entered Level 5 of the Dungeon
  4670 | D:5      | Found a glowing golden altar of the Shining One.
  4941 | D:5      | Found a staircase to the Ecumenical Temple.
  4957 | Temple   | Entered the Ecumenical Temple
  4986 | Temple   | Became a worshipper of Hepliaklqana the Forgotten
  5137 | D:5      | Found a white marble altar of Elyvilon.
  5413 | D:6      | Reached skill level 8 in Short Blades
  5581 | D:6      | Noticed Menkaure
  5590 | D:6      | Killed Menkaure
  5591 | D:6      | Reached skill level 5 in Fighting
  5591 | D:6      | Reached XP level 9. HP: 53/68 MP: 9/9
  5972 | D:6      | Found a shimmering altar of Xom.
  6222 | D:6      | Noticed Blork the orc
  6231 | D:6      | Killed Blork the orc
  6232 | D:6      | Reached skill level 9 in Short Blades
  6885 | D:7      | Reached * piety under Hepliaklqana
  7079 | D:7      | HP: 3/64 [gnoll/+0 halberd[a gnoll sergeant] (3)]
  7080 | D:7      | HP: 1/64 [gnoll/+0 spear[a gnoll sergeant] (7)]
  7569 | D:7      | Reached XP level 10. HP: 68/71 MP: 10/10
  7965 | D:7      | Reached skill level 10 in Short Blades
  8160 | D:8      | Reached ** piety under Hepliaklqana
  8161 | D:8      | Remembered your ancestor Ælfric as a hexer
  8745 | D:8      | Noticed a tengu warrior
  8754 | D:8      | Killed a tengu warrior
  8903 | D:8      | Noticed a cyclops
  8909 | D:8      | Killed a cyclops
  9814 | D:9      | Found a radiant altar of Vehumet.
  9814 | D:9      | Found a burning altar of Makhleb.
  9873 | D:9      | Reached skill level 11 in Short Blades
  9969 | D:9      | Found a staircase to the Lair.
 10035 | D:9      | Reached XP level 11. HP: 81/81 MP: 11/11
 10211 | D:9      | Reached skill level 10 in Stealth
 10216 | D:9      | Reached skill level 10 in Fighting
 10288 | D:9      | Found a shadowy altar of Dithmenos.
 10486 | D:9      | Reached *** piety under Hepliaklqana
 10603 | D:10     | Entered Level 10 of the Dungeon
 10844 | D:10     | Got the Omnibus of the Tempest and Battling
 11141 | D:10     | Found an opulent altar of Gozag.
 11148 | D:10     | Found a glowing silver altar of Zin.
 11411 | D:10     | Noticed a wizard
 11418 | D:10     | Killed a wizard
 11591 | D:11     | Noticed a cyclops
 11601 | D:11     | Killed a cyclops
 11743 | D:11     | Reached skill level 12 in Short Blades
 12104 | D:11     | Reached **** piety under Hepliaklqana
 12374 | D:11     | Found a staircase to the Orcish Mines.
 12834 | Lair:1   | Entered Level 1 of the Lair of Beasts
 12834 | Lair:1   | Noticed a boulder beetle
 12847 | Lair:1   | Reached XP level 12. HP: 61/90 MP: 12/12
 12857 | Lair:1   | Killed a boulder beetle
 13432 | Lair:1   | Reached skill level 13 in Short Blades
 14049 | Lair:2   | Slain by a polar bear

Illustrated notes

Levels and vault maps discovered:
D:1:      dpeg_arrival_three_same_balls, layout_loops_ring,
          dreamdust_princess_corridor, minmay_heptomino_d4
D:2:      layout_basic, hellmonk_ecumenical_altar_dog_temple
D:3:      layout_basic, uniq_ijyb, uniq_sigmund
D:4:      black_bear_nest_2, layout_basic, old_standard_altar, serial_undead,
          serial_undead_e, serial_undead_f, serial_undead_e, serial_undead_c,
          serial_undead_b, serial_undead_c, serial_undead_c, serial_undead_c
D:5:      layout_rooms, minitemple, temple_fountains
D:6:      layout_gridville, led_xom_imps, kennysheep_generic_room_7,
          uniq_blork_the_orc, uniq_menkaure
D:7:      layout_loops_ring
D:8:      layout_cave_pods, minmay_three_doors
D:9:      layout_irregular_city, old_standard_altar,
          grunt_temple_overflow_lords_of_destruction, lair_entry_dummy
D:10:     layout_loops_ring, pdpol_temple_overflow_zin_treasury_gozag_greed,
          lightli_wizard_tower
D:11:     layout_basic, orc_0_dummy
Temple:   nicolae_temple_ecumenical_triangle
Lair:1:   layout_loops_ring, columned_hall_lemuel, grunt_megastairs_2,
          infiniplex_staircase_pool
Lair:2:   layout_cave_shapes, minmay_shoals_entry_hut,
          minmay_snake_entry_guardpost_medium, gauntlet_entry_generic,
          beast_lair_carwin_6, infiniplex_staircase_pool_2

Skill      XL: |  1  2  3  4  5  6  7  8  9 10 11 12 |
---------------+-------------------------------------+-----
Stealth        | 1 2 4 5 7 8 9 11 | 11.9
Short Blades   | 3 4 5 7 8 9 11 12 13 | 13.2
Fighting       | 5 7 9 11 12 | 12.5
Armour         | |  3.2
Shields        | |  4.0

Action                   |  1- 3 |  4- 6 |  7- 9 | 10-12 || total
-------------------------+-------+-------+-------+-------++-------
Melee: Rapier            |   134 |    82 |   252 |   375 ||   843
Throw: Boomerang         |       |     2 |     9 |     9 ||    20
       Dart              |       |       |       |     2 ||     2
Invok: Ancestor Life: He |       |       |       |     1 ||     1
 Abil: Dig               |     1 |       |       |       ||     1
Evoke: Wand              |       |       |     1 |     4 ||     5
  Use: Scroll            |     3 |     4 |    10 |     6 ||    23
       Potion            |       |       |     3 |     2 ||     5
 Stab: Sleeping          |       |     2 |       |       ||     2
       Confused          |       |       |       |     6 ||     6
       Distracted        |       |       |       |     7 ||     7
Armor: Scale mail        |    35 |    18 |       |       ||    53
       Plate armour      |       |       |    94 |   128 ||   222
Dodge: Dodged            |    51 |    34 |    95 |   127 ||   307
Block: Buckler           |    33 |    22 |    44 |    67 ||   166
       Kite shield       |       |       |       |    10 ||    10

Table legend: (Time is in decaauts)
 A = Elapsed time spent in this place.
 B = Non-inter-level travel time spent in this place.
 C = Inter-level travel time spent in this place.
 D = Time resting spent in this place.
 E = Time spent auto-exploring this place.
 F = Levels seen in this place.
 G = Mean time per level.
                   A        B        C        D        E       F      G
               +--------+--------+--------+--------+--------+-----+--------+
         Total |  13896 |  12796 |   1100 |   1890 |   8440 |  14 |  992.6 |
       Dungeon |  12665 |  11578 |   1087 |   1890 |   7456 |  11 | 1151.4 |
        Temple |     47 |     47 |      0 |      0 |      0 |   1 |   47.0 |
          Lair |   1184 |   1171 |     13 |      0 |    984 |   2 |  592.0 |
               +--------+--------+--------+--------+--------+-----+--------+

Top non-repeatable levels by time:
     D:8: 1637 daAuts
     D:4: 1400 daAuts
     D:6: 1362 daAuts
     D:2: 1315 daAuts
  Lair:1: 1162 daAuts
     D:7: 1123 daAuts
    D:10: 1079 daAuts
     D:1: 1064 daAuts
    D:11: 1031 daAuts
     D:3: 940 daAuts
     D:9: 926 daAuts
     D:5: 784 daAuts
  Temple: 47 daAuts
  Lair:2: 21 daAuts
